 Dungeon Crawl Stone Soup version 0.30.0-18-gc0e69614cb (webtiles) character file.

Game seed: 15417742523185559018

43 horus123 the Sneak (level 3, -1/26 HPs)
             Began as a Demonspawn Wanderer on May 24, 2023.
             Was an Initiate of Nemelex Xobeh.
             Slain by a kobold brigand
             ... wielding a +0 dagger
              (9 damage)
             ... on level 4 of the Dungeon.
             The game lasted 00:03:55 (1807 turns).

horus123 the Sneak (Demonspawn Wanderer)            Turns: 1807, Time: 00:03:56

Health: -1/26      AC:  2    Str: 11    XL:     3   Next: 37%
Magic:  4/4        EV: 11    Int: 14    God:    Nemelex Xobeh [......]
Gold:   59         SH:  0    Dex: 14    Spells: 3/4 levels left

rFire   . . .        a - +2 short sword
rCold   . . .        (no shield)
rNeg    + . .        e - +0 robe
rPois   .            (no helmet)
rElec   .            (no cloak)
rCorr   .            (no gloves)
SInv    .            (no boots)
Will    .....        (no amulet)
Stlth   ++           k - ring of positive energy
HPRegen 0.24/turn    (no ring)
MPRegen 0.09/turn

%: no passive effects
@: no status effects
A: hooves 1
a: Renounce Religion, Draw Escape, Draw Destruction, Draw Summoning


You were on level 4 of the Dungeon.
You worshipped Nemelex Xobeh.
Nemelex Xobeh was noncommittal.
You visited 2 branches of the dungeon, and saw 4 of its levels.

You collected 59 gold pieces.

Inventory:

Hand Weapons
 a - a +2 short sword (weapon)
 c - a +0 dagger
Missiles
 b - 16 poisoned darts (quivered)
Armour
 e - a +0 robe (worn)
 i - a +0 leather armour
Magical Staves
 n - a staff of fire
Jewellery
 k - a ring of positive energy (left hand)
Scrolls
 f - 2 scrolls of magic mapping
 g - a scroll of identify {unknown}
 h - a scroll of immolation {unknown}
 j - 2 scrolls of noise {unknown}
 l - a scroll of fear {unknown}
 m - a scroll of teleportation {unknown}
Potions
 d - a potion of attraction


   Skills:
 - Level 1.0 Fighting
 - Level 2.6 Short Blades
 - Level 2.6 Throwing
 + Level 3.1 Stealth
 - Level 1.0 Spellcasting
 - Level 1.7 Transmutations


You had 3 spell levels left.
You knew the following spells:

 Your Spells              Type           Power      Damage    Failure   Level
a - Beastly Appendage     Tmut           10%        N/A       13%         1

Your spell library contained the following spells:

 Spells                   Type           Power      Damage    Failure   Level
 Ignite Poison            Fire/Tmut/Pois 2%         N/A       52%         3


Dungeon Overview and Level Annotations

Branches:
Dungeon (4/15)             Temple (1/1) D:4

Altars:
Ashenzari
Hepliaklqana
Nemelex Xobeh
Okawaru
Uskayaw
Wu Jian

Shops:
D:1 *


Innate Abilities, Weirdness & Mutations

You have large cloven feet.


Message History

Done exploring.
Done exploring.
There is a glowing golden altar of the Shining One here.
There is a sparkling altar of Nemelex Xobeh here.
There is a broken altar of Ashenzari here.
There is a broken altar of Ashenzari here.
There is a sparkling altar of Nemelex Xobeh here.
You kneel at the altar of Nemelex Xobeh.
Nemelex Xobeh welcomes you!
You can now draw from decks of power.
There is a broken altar of Ashenzari here.
There is a broken altar of Ashenzari here.
There is an iron altar of Okawaru here.
There is an ornate altar of the Wu Jian Council here.
There is a hazy altar of Hepliaklqana here.
There is a staircase back to the Dungeon here.
You climb upwards.
Welcome back to the Dungeon!
The kobold brigand throws a throwing net.
The throwing net hits you.
You become entangled in the net!
The kobold hits you with a +0 short sword.
There is a staircase to the Ecumenical Temple here.
Things that are here:
a throwing net; a throwing net You struggle against the net.
The kobold hits you with a +0 short sword.
You struggle against the net.
The kobold hits you with a +0 short sword.
You rip the net and break free!
The kobold brigand hits you with a +0 dagger.
The kobold hits you but does no damage.
You barely miss the kobold. You kick the kobold, but do no damage.
The kobold brigand hits you with a +0 dagger.
The kobold closely misses you.
Okay, then.
As you read the scroll labelled CAYLOJA WYIMM, it crumbles to dust.
You feel aware of your surroundings.
You sensed 2 altars.
It was a scroll of magic mapping.
The kobold closely misses you.
The kobold brigand hits you with a +0 dagger!
You die...
Your body disappears without a glow.

,,**,,.K.,,* *,*
*,*,>,*,,,, .,**,,#.#***
*,* *,*****,*,,
..##*##.#* *,* *,* *,*,,
.....#.('###### *,* *,*
*,*,,
*#..?......(..###+### *,*
*,*,,
*#..................# *,*
*,*,,
*#..................###.*
*,*,,
*#...........K.KK.......*
*,*,,
*#.............8@8#####**
*,*,* *#.............####
*,*,* *#.............#
*,*,, *#############.##
*,*** * #..## *,,,, *
#######..# *,*** *
##........# *,* *
#.........# *,* **
#.........# *,*


You could see a kobold brigand and 2 kobolds.

Vanquished Creatures
  A worm (D:4)
  2 dart slugs (D:1)
  2 endoplasms
  3 giant cockroaches
  5 hobgoblins
  2 jackals (D:2)
  4 kobolds (D:1)
  4 quokkas
  2 ball pythons
  2 bats
  A goblin (D:1)
  3 rats
31 creatures vanquished.

Notes
Turn   | Place    | Note
-------+----------+-------------------------------------------
     0 | D:1      | horus123 the Demonspawn Wanderer began the quest for the
                  | Orb.
     0 | D:1      | horus123 set off with the following items: a +2 short
                  | sword, 12 poisoned darts, a +0 dagger, a potion of
                  | attraction, a +0 robe; and the following spell memorised:
                  | Beastly Appendage; and the following spells available to
                  | memorise: Ignite Poison.
     0 | D:1      | Reached XP level 1. HP: 13/13 MP: 2/2
    93 | D:1      | Reached skill level 1 in Fighting
    99 | D:1      | Found Japsaewn's General Store.
   186 | D:1      | Gained mutation: You have large cloven feet. [demonic
                  | ancestry]
   186 | D:1      | Reached XP level 2. HP: 21/21 MP: 3/3
   398 | D:1      | Reached skill level 2 in Stealth
  1200 | D:2      | Reached XP level 3. HP: 26/26 MP: 4/4
  1466 | D:2      | You fall into a shaft and drop 2 floors!
  1493 | D:4      | Reached skill level 3 in Stealth
  1502 | D:4      | Found a staircase to the Ecumenical Temple.
  1527 | D:4      | Noticed a kobold brigand
  1540 | Temple   | Entered the Ecumenical Temple
  1726 | Temple   | Became a worshipper of Nemelex Xobeh the Trickster
  1807 | D:4      | Slain by a kobold brigand

Illustrated notes

Levels and vault maps discovered:
D:1:      psy_arrival_statuary, layout_loops_ring, serial_aquarium,
          aquarium_bridge_square [aquarium_subvault_wall,
          aquarium_subvault_bridge, aquarium_subvault_wall,
          aquarium_subvault_bridge], aquarium_window_2, aquarium_window_1,
          aquarium_window_1, aquarium_view_4, aquarium_view_2a,
          aquarium_pool_five, serial_shops, nicolae_shop_crystal
D:2:      layout_basic, basic_altar
D:4:      layout_basic, nicolae_vehumet_altar_sigil, bloody_trog,
          temple_statues, fountainhead, lexackson_kobold_supper
Temple:   hellmonk_temple_beads

Skill      XL: |  1  2  3 |
---------------+----------+-----
Fighting       | 1 |  1.0
Stealth        | 2 3 |  3.1
Short Blades   | |  2.6
Throwing       | |  2.6
Spellcasting   | |  1.0
Transmutations | |  1.7

Action                     || total
---------------------------++-------
  Melee: Short sword       ||    67
         Kick              ||    13
  Throw: Dart              ||    39
    Use: Scroll            ||     1
   Stab: Sleeping          ||     1
 Armour: Robe              ||     8
  Dodge: Dodged            ||    31
